 Dungeon Crawl Stone Soup version 0.23.2-30-g0e89c35649 (webtiles) character file.

Game seed: 2137495857566370879

136575 konkubine the Eviscerator (level 16, -9/77 HPs)
             Began as a Felid Berserker on June 7, 2019.
             Was the Champion of Trog.
             Mangled by a vault warden
             ... wielding a +1 halberd
              (36 damage)
             ... on level 2 of the Vaults on June 8, 2019.
             The game lasted 02:10:53 (53908 turns).

konkubine the Eviscerator (Felid Berserker)        Turns: 53908, Time: 02:10:54

Health: -9/77      AC:  5    Str: 14    XL:     16   Next: 37%
Magic:  25/25      EV: 38    Int:  8    God:    Trog [******]
Gold:   2292       SH:  0    Dex: 22    Spells: 15/15 levels left
                                        Lives:  0   Deaths: 3

rFire    . . .     SeeInvis +     - Unarmed
rCold    + . .     Gourm    .   (shield unavailable)
rNeg     . . .     Faith    .   (armour unavailable)
rPois    .         Spirit   .   (helmet unavailable)
rElec    .         Reflect  .   (cloak unavailable)
rCorr    .         Harm     .   (gloves unavailable)
MR       ++++.                  (boots unavailable)
Stlth    ++++++++..             D - amulet of the acrobat
HPRegen  1.00/turn              b - +4 ring of slaying
MPRegen  0.19/turn              P - +3 ring of slaying

@: berserk cooldown, regenerating, slowed, slow
A: very small, no armour, no weapons or thrown items, stealth, claws 1, fangs 3,
horns 3, icy blue scales 1, see invisible, carnivore, speed 1, shaggy fur 3,
inhibited regeneration, slow metabolism 1, sharp paws
}: 1/15 runes: serpentine
a: Berserk, Trog's Hand, Brothers in Arms, Renounce Religion


You were on level 2 of the Vaults.
You worshipped Trog.
Trog was exalted by your worship.
You were very full.

You visited 5 branches of the dungeon, and saw 29 of its levels.
You also visited: Sewer.

You collected 4558 gold pieces.
You spent 2266 gold pieces at shops.

Inventory:

Jewellery
 b - a +4 ring of slaying (left paw)
 k - an uncursed ring of protection from cold
 m - a +4 amulet of reflection
 y - the amulet of the Scarab {Spirit rF+}
   (You bought it in a shop on level 2 of the Orcish Mines)

   [amulet of guardian spirit]

   It causes incoming damage to be split between your health and magic.
   It protects you from fire.
 D - an amulet of the acrobat (around neck)
 J - a +5 ring of dexterity
 M - the amulet "Ihauv" {Gourm rPois rC+ Str+6 Int-4}
   (You found it on level 2 of the Lair of Beasts)

   [amulet of the gourmand]

   It allows you to eat raw meat even when not hungry.
   It affects your strength (+6).
   It affects your intelligence (-4).
   It protects you from cold.
   It protects you from poison.
 P - a +3 ring of slaying (right paw)
 Q - an uncursed ring of protection from fire
 R - an uncursed ring of positive energy
Wands
 f - a wand of paralysis (12)
 o - a wand of digging (15)
 t - a wand of polymorph (17)
 v - a wand of enslavement (7)
 w - a wand of disintegration (11)
 x - a wand of random effects (50)
 z - a wand of flame (58)
 A - a wand of scattershot (4)
Scrolls
 h - 21 scrolls of remove curse
 l - 9 scrolls of teleportation
 s - 4 scrolls of immolation
 C - a scroll of vulnerability
 E - 2 scrolls of blinking
 F - a scroll of noise
 G - 3 scrolls of fear
 H - 5 scrolls of magic mapping
 I - 3 scrolls of identify
 K - 3 scrolls of fog
 O - a scroll of summoning
Potions
 c - 2 potions of cancellation
 e - 9 potions of flight
 g - 4 potions of might
 j - 4 potions of resistance
 n - 15 potions of curing
 p - a potion of magic
 q - a potion of haste
 u - 2 potions of berserk rage
 B - 3 potions of lignification
 L - a potion of agility
 S - 2 potions of ambrosia
Miscellaneous
 d - a fan of gales
 r - a lamp of fire
Comestibles
 a - 44 rations
 i - 4 chunks of flesh


   Skills:
 * Level 12.5 Fighting
 * Level 20.7 Dodging
 + Level 18.9 Stealth
 + Level 21.0 Unarmed Combat
 * Level 10.7 Evocations


You had 15 spell levels left.
You didn't know any spells.
Your spell library was empty.

Dungeon Overview and Level Annotations

Branches:
Dungeon (15/15)            Temple (0/1) D:5            Lair (6/6) D:8
 Shoals (0/4) Lair:3        Snake (4/4) Lair:4        Slime (0/5) Lair:5
    Orc (2/2) D:10            Elf (0/3) Orc:2        Vaults (2/5) D:14
 Depths (0/5) D:15
  Crypt: Vaults:2-3

Altars:
Ashenzari
Cheibriados
Dithmenos
Fedhas
Kikubaaqudgha
Makhleb
Nemelex Xobeh
Trog
Uskayaw

Shops:
Orc:2 :(=[   Snake:2 :   Snake:4 [?}   Vaults:1 *

Portals:
Trove: D:12 (give 12 potions of heal wounds)

Annotations:
D:9 exclusion: downstairs
D:11 exclusion: downstairs
D:12 exclusion: downstairs
D:14 exclusion: 2 downstairs
Lair:2 exclusion: downstairs
Lair:3 exclusion: 4 oklob plants
Lair:5 2 transporters, exclusion: downstairs
Snake:1 exclusion: downstairs
Snake:4 Vashnia


Innate Abilities, Weirdness & Mutations

You cannot wear armour.
You are incapable of wielding weapons or throwing items.
Your paws allow you to move quietly. (Stealth)
You have sharp claws.
You have razor-sharp teeth.
You have supernaturally acute eyesight. (SInv)
You are carnivorous and can eat meat at any time.
You cover ground quickly.
Your thick and shaggy fur keeps you warm. (AC +3, rC+)
You have a slow metabolism.
Your sharp claws are effective at attacking unaware monsters.
You have a pair of large horns on your head.
You are partially covered in icy blue scales. (AC +2)
You do not regenerate when monsters are visible.


Message History

* * * LOW HITPOINT WARNING * * *
Things that are here:
a +0 glaive; a +0 chain mail The vault warden completely misses you.
You see here a harpy corpse.
You claw the vault warden! You headbutt the vault warden.
The vault warden is lightly wounded.
The vault warden misses you.
You claw the vault warden! You headbutt the vault warden!
You bite the vault warden.
The vault warden is moderately wounded.
You mangle the vault warden!! Your claw misses the vault warden.
The vault warden is heavily wounded.
The vault warden hits you with a +1 halberd.
The ironheart preserver gestures wildly while chanting.
The ironheart preserver is healed somewhat.
You scratch the vault warden. You headbutt the vault warden.
The vault warden is heavily wounded.
The vault warden hits you with a +1 halberd!!!
You die...

..# #.# ##.# ##..#
##.†.# #..<.#
###.).# ##.##.)#
##...##@#
#.#..<..#p#
#......)pp#
########o#########
#.......po..#
#....#.#pp..+
#....### p.#
#....# # #.###p


You could see an ironheart preserver, a vault warden, a vault guard and an orc
warrior.

Vanquished Creatures
  Nikola (Vaults:1)
  A tentacled monstrosity (Vaults:2)
  Gastronok (D:11)
  Donald (Vaults:1)
  6 nagarajas (Snake:4)
  6 vault wardens
  A stone giant (Vaults:2)
  3 ironheart preservers
  An entropy weaver (Vaults:1)
  A deep elf demonologist (Vaults:1)
  Nessos (Orc:2)
  Snorg (D:13)
  2 yaktaur captains
  2 fire dragons
  3 ogre magi (Vaults:1)
  A great orb of eyes (Vaults:1)
  A rakshasa (Vaults:1)
  Fannar (D:11)
  12 vault guards
  3 hydras
  5 centaur warriors
  12 two-headed ogres
  9 naga warriors
  A death knight (D:14)
  6 anacondas
  3 death yaks (Lair:6)
  4 orc high priests (Orc:2)
  20 naga sharpshooters
  5 deep elf knights
  A shock serpent (Snake:2)
  Sonja (D:11)
  A hell knight (D:15)
  4 sea snakes
  A glowing orange brain (Vaults:1)
  7 unseen horrors
  A glowing orange brain (shapeshifter) (D:15)
  A wolf spider zombie (D:15)
  3 naga ritualists
  3 deep elf archers
  4 wizards
  A swamp dragon (Lair:6)
  2 lindwurms (Lair:6)
  4 mana vipers
  4 ironbrand convokers
  3 orc knights
  A necromancer (Vaults:1)
  4 harpies (Vaults:2)
  2 wolf spiders
  4 orc sorcerers
  A stone giant zombie (Vaults:1)
  3 cyclopes
  5 deep elf magi
  31 ugly things
  34 black mambas
  2 salamanders
  5 centaur zombies
  12 elephants
  3 guardian serpents
  3 manticores
  30 naga magi
  Maurice (Orc:1)
  2 vault sentinels (Vaults:1)
  10 spiny frogs
  A gargoyle (D:12)
  14 yaktaurs
  16 rime drakes
  8 komodo dragons
  3 trolls
  2 tengu conjurers
  A polar bear (Lair:3)
  A jumping spider (Vaults:1)
  Prince Ribbit (Lair:1)
  A queen bee (Lair:2)
  A blink frog (shapeshifter) (D:15)
  12 hippogriffs
  11 slime creatures
  A harpy skeleton (D:15)
  2 hornets (Lair:6)
  16 blink frogs
  A shadow (D:14)
  A tarantella (Vaults:1)
  A yak (shapeshifter) (Vaults:2)
  20 wyverns
  2 hogs (D:10)
  5 redbacks
  44 yaks
  11 basilisks
  2 wraiths
  A human (D:10)
  2 basilisks (shapeshifter) (Vaults:1)
  11 steam dragons
  10 hungry ghosts
  4 vampire mosquitoes
  A two-headed ogre zombie (D:10)
  8 acid dragons
  27 nagas
  4 porcupines
  22 water moccasins
  A water moccasin (shapeshifter) (D:14)
  A hornet zombie (Vaults:1)
  2 swamp drakes (Lair:6)
  20 orc warriors
  2 ice beasts
  A sky beast (D:6)
  3 black bears
  A necrophage (D:11)
  4 eyes of draining
  A meliai simulacrum (D:15)
  16 ogres
  3 phantoms
  26 centaurs
  14 wolves
  A human skeleton (Vaults:1)
  17 crocodiles
  3 big kobolds
  23 bullfrogs
  2 wyvern zombies
  4 scorpions
  6 troll zombies (D:10)
  10 wights
  25 killer bees
  3 electric eels
  7 howler monkeys
  6 vampire bats
  A bullfrog zombie (D:5)
  A yaktaur simulacrum (Vaults:1)
  9 crimson imps
  A quasit (D:14)
  3 bullfrog skeletons
  8 hounds
  3 centaur skeletons
  26 orc priests
  4 jellies
  Ijyb (D:5)
  13 iguanas
  23 orc wizards
  7 worker ants
  An ogre zombie (D:10)
  3 hound skeletons
  2 worker ant zombies
  3 gnolls (D:5)
  8 river rats (Sewer)
  14 adders
  3 shadow imps
  3 oozes
  An adder skeleton (D:6)
  An adder zombie (D:5)
  3 leopard geckos
  72 orcs
  16 bats
  3 bat skeletons (D:3)
  2 bat zombies (D:3)
  10 giant cockroaches
  8 goblins
  5 hobgoblins
  4 jackals
  30 kobolds
  9 quokkas
  4 ball pythons (Sewer)
  3 frilled lizards
  3 goblin skeletons (D:10)
  3 goblin zombies (D:10)
  2 leopard gecko skeletons
  7 orc skeletons
  13 orc zombies (D:10)
  21 rats
  2 plants
1137 creatures vanquished.

Vanquished Creatures (collateral kills)
  2 death yaks (Lair:6)
  Nergalle (Lair:1)
  A mana viper (Snake:1)
  An elephant (Lair:6)
  A black mamba (Snake:1)
  A spiny frog (Lair:1)
  3 rime drakes (Lair:6)
  A komodo dragon (Lair:1)
  A blink frog (Lair:1)
  3 yaks (Lair:6)
  Grum (Lair:1)
  3 nagas
  3 porcupines (Lair:1)
  5 wolves
  3 crocodiles (Lair:1)
  A scorpion (D:11)
  2 killer bees (D:9)
  A hound (D:11)
34 creatures vanquished.

Vanquished Creatures (others)
  Louise (D:15)
  40 fungi
  56 plants
97 creatures vanquished.

Grand Total: 1268 creatures vanquished

Notes
Turn   | Place    | Note
-------+----------+-------------------------------------------
     0 | D:1      | konkubine the Felid Berserker began the quest for the Orb.
     0 | D:1      | Reached XP level 1. HP: 10/10 MP: 2/2
   675 | D:1      | Reached XP level 2. HP: 11/14 MP: 3/3
  1369 | D:2      | Reached XP level 3. HP: 13/17 MP: 4/4
  1575 | D:2      | Reached ** piety under Trog
  1928 | D:2      | Reached skill level 5 in Dodging
  1928 | D:2      | Reached XP level 4. HP: 13/21 MP: 5/5
  2622 | D:3      | Reached skill level 4 in Unarmed Combat
  2632 | D:3      | Reached skill level 1 in Stealth
  3643 | D:3      | Found an ancient bone altar of Kikubaaqudgha.
  3653 | D:3      | Reached XP level 5. HP: 15/25 MP: 6/6
  4274 | D:4      | Found a sparkling altar of Nemelex Xobeh.
  4295 | D:4      | Found a blossoming altar of Fedhas.
  4547 | D:4      | Reached *** piety under Trog
  4547 | D:4      | Gained mutation: You are covered in thick fur. (AC +2)
                  | [Felid growth]
  4547 | D:4      | Reached XP level 6. HP: 28/28 MP: 7/7
  4577 | D:4      | Reached skill level 5 in Unarmed Combat
  4834 | D:4      | Found a bloodstained altar of Trog.
  5151 | D:5      | Entered Level 5 of the Dungeon
  5244 | D:5      | Noticed Ijyb
  5257 | D:5      | Killed Ijyb
  5259 | D:5      | Reached XP level 7. HP: 31/32 MP: 8/8
  5421 | D:5      | Reached skill level 5 in Stealth
  5456 | D:5      | Found a staircase to the Ecumenical Temple.
  5790 | D:5      | Found a shadowy altar of Dithmenos.
  5793 | D:5      | Reached skill level 1 in Evocations
  5928 | D:6      | Reached skill level 6 in Unarmed Combat
  6046 | D:6      | Found a glowing drain.
  6079 | Sewer    | Entered a sewer
  6097 | Sewer    | Reached **** piety under Trog
  6860 | Sewer    | Reached XP level 8. HP: 25/36 MP: 10/10
  7487 | D:6      | Reached ***** piety under Trog
  7573 | D:6      | Found a shattered altar of Ashenzari.
  7605 | D:6      | Reached skill level 7 in Unarmed Combat
  7764 | D:6      | Reached skill level 5 in Fighting
  8004 | D:7      | Reached XP level 9. HP: 40/40 MP: 12/12
  8546 | D:8      | Reached skill level 10 in Stealth
  9686 | D:8      | Reached skill level 8 in Unarmed Combat
  9767 | D:8      | Noticed a komodo dragon
  9773 | D:8      | Killed a komodo dragon
 10249 | D:8      | Found a staircase to the Lair.
 10253 | D:8      | Reached XP level 10. HP: 45/45 MP: 14/14
 10866 | D:9      | Reached skill level 9 in Unarmed Combat
 10895 | D:9      | Found a snail-covered altar of Cheibriados.
 10946 | D:9      | Found Cheibriados's Comfort Zone.
 10985 | D:9      | Noticed a two-headed ogre
 10989 | D:9      | Killed a two-headed ogre
 10989 | D:9      | Reached skill level 5 in Evocations
 11004 | D:9      | Found a burning altar of Makhleb.
 11380 | D:10     | Entered Level 10 of the Dungeon
 11424 | D:10     | Noticed an unseen horror
 11437 | D:10     | Killed an unseen horror
 11437 | D:10     | Reached skill level 10 in Dodging
 11729 | D:10     | Found a staircase to the Orcish Mines.
 12196 | D:10     | Reached XP level 11. HP: 21/49 MP: 16/16
 12646 | D:10     | Reached skill level 10 in Unarmed Combat
 12763 | D:10     | Found a hide-covered altar of Uskayaw.
 13561 | D:11     | Noticed an eight-headed hydra
 13563 | D:11     | Killed an eight-headed hydra
 13608 | D:11     | Noticed Sonja
 13616 | D:11     | Killed Sonja
 13887 | D:11     | Noticed Fannar
 13889 | D:11     | Noticed Gastronok
 13906 | D:11     | Killed Fannar
 13923 | D:11     | Killed Gastronok
 14180 | D:11     | Reached skill level 11 in Unarmed Combat
 14448 | D:11     | Reached ****** piety under Trog
 14894 | D:12     | Gained mutation: Your thick and shaggy fur keeps you warm.
                  | (AC +3, rC+) [Felid growth]
 14894 | D:12     | Reached XP level 12. HP: 31/54 MP: 14/18
 15027 | D:12     | Found the -2 hat of the Alchemist {rElec rPois rF+ rC+ rN+
                  | MR+ rMut rCorr}
 15356 | D:12     | Reached skill level 12 in Unarmed Combat
 15369 | D:12     | Noticed a two-headed ogre
 15371 | D:12     | Killed a two-headed ogre
 15389 | D:12     | Noticed a two-headed ogre
 15415 | D:12     | Killed a two-headed ogre
 15817 | D:12     | Found a portal to a secret trove of treasure.
 16319 | D:13     | Noticed Snorg
 16326 | D:13     | Killed Snorg
 16326 | D:13     | Reached skill level 15 in Stealth
 16349 | D:13     | Reached skill level 13 in Unarmed Combat
 17129 | D:13     | Noticed a four-headed hydra
 17142 | D:13     | Killed a four-headed hydra
 17509 | D:13     | Noticed a centaur warrior
 17520 | D:13     | Killed a centaur warrior
 17520 | D:13     | Reached XP level 13. HP: 42/57 MP: 19/19
 17563 | D:13     | Reached skill level 14 in Unarmed Combat
 19505 | D:14     | Found a gate to the Vaults.
 19542 | D:14     | Reached skill level 15 in Unarmed Combat
 21116 | D:14     | Reached skill level 16 in Unarmed Combat
 21581 | D:15     | Entered Level 15 of the Dungeon
 21789 | D:15     | Noticed Louise
 21800 | D:15     | Killed Louise
 21813 | D:15     | Reached XP level 14. HP: 62/62 MP: 20/20
 21984 | D:15     | Found a staircase to the Depths.
 24613 | Lair:1   | Entered Level 1 of the Lair of Beasts
 24677 | Lair:1   | Noticed Nergalle
 24688 | Lair:1   | Killed Nergalle
 24689 | Lair:1   | Noticed Grum
 24698 | Lair:1   | Killed Grum
 24951 | Lair:1   | Noticed Prince Ribbit
 24974 | Lair:1   | Killed Prince Ribbit
 25965 | Lair:2   | Got an ancient bronze amulet
 27282 | Lair:2   | Reached skill level 17 in Unarmed Combat
 27662 | Lair:2   | Identified the amulet "Ihauv" {Gourm rPois rC+ Str+6 Int-4}
                  | (You found it on level 2 of the Lair of Beasts)
 28066 | Lair:3   | Reached XP level 15. HP: 34/67 MP: 22/22
 28624 | Lair:3   | Found the +8 whip "Snakebite" {curare, rPois}
 28701 | Lair:3   | Found a staircase to the Shoals.
 29068 | Lair:3   | Found the +6 lightning scales {run, rElec}
 29745 | Lair:4   | Found a staircase to the Snake Pit.
 29752 | Lair:4   | Found a burning altar of Makhleb.
 30985 | Lair:5   | Found a transporter.
 31202 | Lair:5   | Found a transporter.
 31286 | Lair:5   | Found a staircase to the Slime Pits.
 31650 | Lair:6   | Entered Level 6 of the Lair of Beasts
 32045 | Lair:6   | Reached skill level 18 in Unarmed Combat
 32062 | Lair:6   | HP: 5/103 [rime drake/flash freeze (14)]
 32074 | Lair:6   | Slain by an elephant
 32075 | Lair:6   | Reached XP level 14. HP: -3/65 MP: 21/21
 33321 | Lair:6   | Reached skill level 10 in Fighting
 34301 | Lair:6   | Reached XP level 15. HP: 41/69 MP: 22/22
 35360 | Orc:1    | Entered Level 1 of the Orcish Mines
 35535 | Orc:2    | Entered Level 2 of the Orcish Mines
 35639 | Orc:2    | Noticed Maurice
 35642 | Orc:2    | Noticed Nessos
 36004 | Orc:1    | Killed Maurice
 36167 | Orc:2    | Killed Nessos
 36237 | Orc:1    | Identified a scroll of acquirement
 36606 | Orc:2    | Reached skill level 19 in Unarmed Combat
 36803 | Orc:2    | Found a staircase to the Elven Halls.
 37183 | Orc:2    | Reached skill level 15 in Dodging
 37319 | Orc:2    | Found Jiclell's Antique Weapon Shoppe.
 37583 | Orc:2    | Found Feradd's Armour Emporium.
 37584 | Orc:2    | Found Daokoj's Jewellery Emporium.
 37587 | Orc:2    | Found Kov Ozuof's Book Shoppe.
 37616 | Orc:2    | Bought the amulet of the Scarab {Spirit rF+} for 616 gold
                  | pieces
 37616 | Orc:2    | Bought a +3 ring of slaying for 630 gold pieces
 38032 | Orc:1    | Gained mutation: You have a pair of small horns on your
                  | head. [potion of mutation]
 38032 | Orc:1    | Gained mutation: You have a pair of horns on your head.
                  | [potion of mutation]
 38254 | Snake:1  | Entered Level 1 of the Snake Pit
 39172 | Snake:2  | Found Xiochi's Book Shop.
 42514 | Snake:2  | Gained mutation: Your mind is acute. (Int +2) [potion of
                  | mutation]
 42514 | Snake:2  | Gained mutation: You are frail. (-10% HP) [potion of
                  | mutation]
 42514 | Snake:2  | Gained mutation: You do not regenerate when monsters are
                  | visible. [potion of mutation]
 42514 | Snake:2  | Gained mutation: You expend magic power (3 MP) to
                  | strengthen your wands. [potion of mutation]
 43466 | Snake:4  | Entered Level 4 of the Snake Pit
 43467 | Snake:4  | Found Furocsuc's Antique Armour Shoppe.
 43477 | Snake:4  | Found the +7 Spriggan's Knife {stab, EV+4 Stlth+}
 43518 | Snake:4  | Noticed a nagaraja
 43518 | Snake:4  | Noticed a nagaraja
 43518 | Snake:4  | Noticed a nagaraja
 43522 | Snake:4  | Noticed a nagaraja
 43528 | Snake:4  | Noticed a nagaraja
 43656 | Snake:4  | Reached XP level 16. HP: 28/67 MP: 23/23
 43938 | Snake:4  | Lost mutation: You are frail. (-10% HP) [potion of
                  | mutation]
 43938 | Snake:4  | Lost mutation: You expend magic power (3 MP) to strengthen
                  | your wands. [potion of mutation]
 43938 | Snake:4  | Lost mutation: Your mind is acute. (Int +2) [potion of
                  | mutation]
 43938 | Snake:4  | Gained mutation: You are partially covered in icy blue
                  | scales. (AC +2) [potion of mutation]
 43938 | Snake:4  | Gained mutation: You have a pair of large horns on your
                  | head. [potion of mutation]
 44443 | Snake:4  | Found Hoadoff's Gadget Shoppe.
 44930 | Snake:4  | Reached skill level 20 in Unarmed Combat
 45325 | Snake:4  | Bought a lamp of fire for 840 gold pieces
 47006 | Snake:4  | Found Ulloniar's Magic Scroll Boutique.
 47014 | Snake:4  | Bought a scroll of fog for 38 gold pieces
 47014 | Snake:4  | Bought a scroll of blinking for 142 gold pieces
 47026 | Snake:4  | Noticed Vashnia
 47178 | Snake:4  | HP: 3/75 [Vashnia/arrow (25)]
 47179 | Snake:4  | Shot with an arrow by Vashnia
 47180 | Snake:4  | Reached XP level 15. HP: -23/71 MP: 23/23
 47440 | Snake:4  | Shot with a bolt by a naga sharpshooter
 47441 | Snake:4  | Reached XP level 14. HP: -4/100 MP: 22/22
 47918 | Snake:4  | Killed a nagaraja
 48005 | Snake:4  | Killed a nagaraja
 48653 | Snake:4  | Got a serpentine rune of Zot
 49066 | Vaults:1 | Entered Level 1 of the Vaults
 49537 | Vaults:1 | Noticed an ironheart preserver
 49540 | Vaults:1 | Killed an ironheart preserver
 49771 | Vaults:1 | Reached XP level 15. HP: 71/71 MP: 23/23
 49810 | Vaults:1 | Reached skill level 10 in Evocations
 50003 | Vaults:1 | Noticed Donald
 50016 | Vaults:1 | Killed Donald
 50868 | Vaults:1 | Noticed a vault warden
 50903 | Vaults:1 | Killed a vault warden
 51148 | Vaults:1 | Noticed a vault warden
 51152 | Vaults:1 | Killed a vault warden
 51419 | Vaults:1 | Noticed a vault warden
 51497 | Vaults:1 | Killed a vault warden
 51815 | Vaults:1 | Noticed a vault warden
 51832 | Vaults:1 | Killed a vault warden
 51883 | Vaults:1 | Noticed a vault warden
 51896 | Vaults:1 | Killed a vault warden
 51928 | Vaults:1 | Noticed Nikola
 51978 | Vaults:1 | Killed Nikola
 52481 | Vaults:1 | Reached XP level 16. HP: 76/76 MP: 24/24
 53528 | Vaults:1 | Found Xopas's General Store.
 53879 | Vaults:2 | Noticed a tentacled monstrosity
 53898 | Vaults:2 | Killed a tentacled monstrosity
 53898 | Vaults:2 | Reached skill level 21 in Unarmed Combat
 53908 | Vaults:2 | Mangled by a vault warden

Skill      XL: |  1  2  3  4  5  6  7  8  9 10 11 12 13 14 15 16 |
---------------+-------------------------------------------------+-----
Dodging        | 5 6 7 9 10 11 14 20 17 | 20.7
Unarmed Combat | 4 5 6 7 8 9 11 13 16 17 19 21 | 21.0
Stealth        | 2 3 4 6 9 10 12 13 15 16 18 | 18.9
Fighting       | 4 5 6 7 10 12 | 12.5
Evocations     | 1 3 4 5 6 7 8 10 9 | 10.7

Action                   |  1- 3 |  4- 6 |  7- 9 | 10-12 | 13-15 | 16-18 || total
-------------------------+-------+-------+-------+-------+-------+-------++-------
Melee: Unarmed           |    98 |   126 |   298 |   578 |  1835 |   236 ||  3171
       Bite              |     5 |    11 |    26 |    70 |   259 |    39 ||   410
       Punch             |     1 |       |    14 |    35 |   201 |    49 ||   300
       Headbutt          |       |       |       |       |   131 |    60 ||   191
Invok: Berserk           |     1 |     2 |     2 |     8 |    43 |     3 ||    59
       Trog's Hand       |       |       |     2 |     4 |    25 |     2 ||    33
       Brothers in Arms  |       |       |       |     2 |    11 |       ||    13
Evoke: Wand              |       |       |       |     1 |    12 |       ||    13
       Fan of gales      |       |       |       |       |     1 |       ||     1
  Use: Scroll            |       |     1 |    15 |     7 |    20 |     2 ||    45
       Potion            |       |       |       |       |     9 |     1 ||    10
 Stab: Sleeping          |     3 |     8 |    28 |    53 |    70 |     7 ||   169
       Distracted        |       |       |     1 |     5 |    26 |     2 ||    34
       Paralysed         |       |       |       |     1 |     1 |       ||     2
       Invisible         |       |       |       |       |     7 |       ||     7
  Eat: Chunk             |    10 |     8 |    15 |    42 |   104 |    10 ||   189
       Ration            |       |       |       |       |     6 |       ||     6
Armor: Skin              |     8 |     8 |     9 |    23 |    34 |     3 ||    85
Dodge: Dodged            |    84 |   125 |   224 |   529 |  1593 |   213 ||  2768
Block: Other             |     2 |    25 |    59 |    31 |       |       ||   117
       Reflection        |       |       |     3 |       |       |       ||     3
